 Dungeon Crawl Stone Soup version 0.20.1-1-g8b1a95d (webtiles) character file.

30 Kairos the Shield-Bearer (level 3, -2/29 HPs)
             Began as a Formicid Fighter on Mar 6, 2018.
             Slain by a goblin
             ... wielding a +0 dagger
              (4 damage)
             ... on level 2 of the Dungeon.
             The game lasted 00:01:08 (540 turns).

Kairos the Shield-Bearer (Formicid Fighter)          Turns: 540, Time: 00:01:09

Health: -2/29      AC:  5    Str: 21    XL:     3   Next: 35%
Magic:  3/3        EV:  9    Int:  7    God:
Gold:   72         SH:  9    Dex: 10    Spells: 2/2 levels left

rFire    . . .     SeeInvis +   a - +0 quarterstaff
rCold    . . .     Gourm    .   c - +0 shield
rNeg     . . .     Faith    .   l - +0 ring mail (curse)
rPois    .         Spirit   .   (helmet unavailable)
rElec    .         Reflect  .   (no cloak)
rCorr    .         Harm     .   (no gloves)
MR       .....                  (no boots)
Stlth    ..........             (no amulet)
Regen    0.1/turn               (no ring)
MPRegen  0.1/turn               (no ring)

@: no status effects
A: permanent stasis, dig shafts and tunnels, four strong arms, antennae 3
a: Dig, Shaft Self


You were on level 2 of the Dungeon.
You were not hungry.

You visited 1 branch of the dungeon, and saw 2 of its levels.

You collected 72 gold pieces.

Inventory:

Hand Weapons
 a - a +0 quarterstaff (weapon)
Armour
 b - a +0 scale mail
 c - a +0 shield (worn)
 l - a cursed +0 ring mail (worn)
Scrolls
 h - 2 scrolls of remove curse {unknown}
 j - a scroll of blinking {unknown}
 m - a scroll of teleportation {unknown}
 n - a scroll of fog {unknown}
Potions
 d - a potion of might
 e - a potion of experience {unknown}
 o - a potion of invisibility {unknown}
Comestibles
 f - a bread ration
 g - 2 fruits
 i - a meat ration
 k - 3 royal jellies


   Skills:
 + Level 3.5 Fighting
 + Level 2.3 Staves
 + Level 3.5 Armour
 + Level 0.1 Dodging
 + Level 4.3 Shields


You had 2 spell levels left.
You didn't know any spells.

Dungeon Overview and Level Annotations

Branches:
Dungeon (2/15)

Altars:

Annotations:
D:2 Robin


Innate Abilities, Weirdness & Mutations

You cannot be hasted, slowed, berserked, paralysed or teleported.
You can dig through walls and to a lower floor.
Your four strong arms can wield two-handed weapons with a shield.
You have a pair of large antennae on your head. (SInv)


Message History

You block the goblin's attack. You block Robin's attack.
Your shield and ring mail prevent you from hitting the goblin.
The goblin is heavily wounded.
You block the goblin's attack. You block Robin's attack.
The goblin hits you with a dagger.
* * * LOW HITPOINT WARNING * * *
You closely miss the goblin.
The goblin is heavily wounded.
Robin hits you from afar with a spear.
* * * LOW HITPOINT WARNING * * *
The goblin barely misses you.
You hit the goblin but do no damage.
The goblin is heavily wounded.
Robin says, "We wiped out the hill dwarves - you're next!"
Robin hits you but does no damage. You block the goblin's attack.
You block Robin's attack.
You hit the goblin but do no damage.
The goblin is moderately wounded.
The goblin hits you with a dagger.
You die...

# .# ######## ####
##.# # #......# #[.
...##.. #.####.# #g#
{{.....# #
#[####.###.###)......
#.##.##.......@ggK.#
#.......#.###.###b##
####<####.# #.# ..#
#......# #.. ....
######## #### ..#..
.###.# .. ..# $. ..


You could see Robin, a hobgoblin, a goblin, a bat and a kobold.

Vanquished Creatures
  2 leopard geckos (D:1)
  A bat (D:1)
  2 giant cockroaches (D:1)
  10 goblins
  A hobgoblin (D:2)
  4 kobolds (D:1)
  2 frilled lizards (D:1)
  A rat (D:1)
23 creatures vanquished.

Notes
Turn   | Place    | Note
-------+----------+-------------------------------------------
     0 | D:1      | Kairos the Formicid Fighter began the quest for the Orb.
     0 | D:1      | Reached XP level 1. HP: 18/18 MP: 1/1
    88 | D:1      | Reached XP level 2. HP: 24/24 MP: 2/2
    93 | D:1      | Reached skill level 4 in Shields
   516 | D:2      | Reached XP level 3. HP: 28/29 MP: 3/3
   519 | D:2      | Noticed Robin
   538 | D:2      | HP: 1/29 [Robin/spear (2)]
   540 | D:2      | Slain by a goblin

Skill      XL: |  1  2 |
---------------+-------+-----
Shields        | 4 |  4.3
Fighting       | |  3.5
Staves         | |  2.3
Armour         | |  3.5
Dodging        | |  0.1

Action                   || total
-------------------------++-------
Melee: Quarterstaff      ||    66
Armor: Scale mail        ||    19
       Ring mail         ||    10
Dodge: Dodged            ||    37
Block: Shield            ||    54
